 Dungeon Crawl Stone Soup version 0.27-a0-1196-g3e9cee4cb2 (webtiles) character file.

Game seed: 2547906092878325419

30426 Zeld the Severer (level 13, -13/116 HPs)
             Began as a Minotaur Berserker on May 27, 2021.
             Was a High Priest of Trog.
             Mangled by a skeletal warrior
             ... wielding a +0 battleaxe
             ... led by a skeletal warrior
              (17 damage)
             ... on level 13 of the Dungeon.
             The game lasted 00:17:56 (16515 turns).

Zeld the Severer (Minotaur Berserker)              Turns: 16515, Time: 00:17:57

Health: -13/116    AC: 27    Str: 30    XL:     13   Next: 20%
Magic:  12/12      EV: 11    Int:  4    God:    Trog [*****.]
Gold:   807        SH:  0    Dex: 10    Spells: 12/12 levels left

rFire    . . .     SeeInvis +   a - +2 broad axe (flame)
rCold    . . .     Faith    .   (no shield)
rNeg     . . .     Spirit   .   y - +3 plate armour
rPois    .         Reflect  .   G - +2 hat {SInv}
rElec    .         Harm     .   F - +1 cloak of Micuikoen {Str+3}
rCorr    .         Rampage  .   d - +2 pair of gloves
Will     ++...                  k - +2 pair of boots
Stlth    ..........             (no amulet)
HPRegen  1.29/turn              (no ring)
MPRegen  0.13/turn              (no ring)

@: about to teleport, strong-willed, on berserk cooldown, regenerating, slowed,
very slow
A: horns 2, retaliatory headbutt
a: Renounce Religion, Berserk, Trog's Hand, Brothers in Arms


You were on level 13 of the Dungeon.
You worshipped Trog.
Trog was extremely pleased with you.
You visited 2 branches of the dungeon, and saw 14 of its levels.
You also visited: Ossuary.

You collected 807 gold pieces.

Inventory:

Hand Weapons
 a - a +2 broad axe of flaming (weapon)
Armour
 d - a +2 pair of gloves (worn)
 k - a +2 pair of boots (worn)
 y - a +3 plate armour (worn)
 F - the +1 cloak of Micuikoen (worn) {Str+3}
   (You found it on level 7 of the Dungeon)

   It affects your strength (+3).
 G - a +2 hat of see invisible (worn)
Wands
 j - a wand of iceblast (18)
 w - a wand of flame (18)
 C - a wand of acid (28)
 D - a wand of charming (22)
 H - a wand of polymorph (11)
Scrolls
 b - 2 scrolls of teleportation
 e - a scroll of holy word
 m - a scroll of brand weapon
 r - 2 scrolls of silence {unknown}
 t - 2 scrolls of enchant weapon {unknown}
 u - a scroll of vulnerability {unknown}
 A - 2 scrolls of magic mapping {unknown}
 B - 3 scrolls of noise {unknown}
Potions
 c - 4 potions of lignification {unknown}
 f - a potion of cancellation {unknown}
 g - 10 potions of degeneration
 h - a potion of resistance {unknown}
 i - 2 potions of flight {unknown}
 o - 3 potions of attraction {unknown}
 p - 3 potions of heal wounds {unknown}
 q - 2 potions of might {unknown}
 s - 2 potions of brilliance {unknown}
 v - 2 potions of curing {unknown}
 x - a potion of ambrosia {unknown}
 z - a potion of berserk rage {unknown}
 E - 2 potions of haste {unknown}
 K - a potion of magic {unknown}
 L - 3 potions of mutation {unknown}
Miscellaneous
 l - a phial of floods
 J - a tin of tremorstones (2/2)


   Skills:
 * Level 11.6 Fighting
 - Level 18.0 Axes
 + Level 7.0 Armour
 * Level 10.5 Dodging
 + Level 6.9 Evocations


You had 12 spell levels left.
You didn't know any spells.
Your spell library was empty.

Dungeon Overview and Level Annotations

Branches:
Dungeon (13/15)            Temple (1/1) D:7            Lair (0/6) D:10
    Orc (0/2) D:11        Ossuary (visited)
 Vaults: D:13-14

Altars:
Ashenzari
Cheibriados
Dithmenos
Elyvilon
Fedhas
Gozag
Hepliaklqana
Kikubaaqudgha
Makhleb
Nemelex Xobeh
Okawaru
Qazlal
Ru
Sif Muna
Trog
Uskayaw
Vehumet
Wu Jian
Xom
Yredelemnul
Zin
The Shining One


Innate Abilities, Weirdness & Mutations

You have a pair of horns on your head.
You reflexively headbutt those who attack you in melee.


Message History

You are too injured to fight recklessly!
Unknown command.
You are too injured to fight recklessly!
Unknown command.
You are too injured to fight recklessly!
You are too injured to fight recklessly!
Unknown command.
You are too injured to fight recklessly!
You are too injured to fight recklessly!
Unknown command.
Unknown command.
Okay, then.
Okay, then.
Okay, then.
As you read the scroll of teleportation, it crumbles to dust.
You feel strangely unstable.
You hear the faint crackling of a melting archway very nearby.
The skeletal warrior hits you but does no damage.
The skeletal warrior barely misses you.
The basilisk bites you but does no damage.
The skeletal warrior hits you with a +2 long sword!!
* * * LOW HITPOINT WARNING * * *
The skeletal warrior barely misses you.
Unknown command.
Your skin crawls.
You feel strong-willed. The basilisk completely misses you.
The skeletal warrior hits you but does no damage.
The skeletal warrior hits you with a +0 battleaxe!
* * * LOW HITPOINT WARNING * * *
The basilisk bites you!
* * * LOW HITPOINT WARNING * * *
Unknown command.
You slice the skeletal warrior!! You burn the skeletal warrior.
The skeletal warrior is almost destroyed.
You barely miss the skeletal warrior. You barely miss the basilisk.
The skeletal warrior hits you with a +2 long sword.
* * * LOW HITPOINT WARNING * * *
The skeletal warrior hits you with a +0 battleaxe!
You die...

###.# ##...## .#
#.....# .#
#.....# ..#
#.....# ..#
##...## ... ##.##
###.# ##.# #zz.#
##.#.# #@#
##.###.###l######
#.## ##.).†.....#
##.###.##.)#.##.#
##.#.###..#.#
##.## #).# . ###
#..# ## #...
#....


You could see 2 skeletal warriors and a basilisk.

Vanquished Creatures
  Gastronok (D:8)
  Josephine (D:11)
  2 hydras
  6 two-headed ogres
  A tengu warrior (D:13)
  3 skeletal warriors (D:13)
  The ghost of ArcanElement the Holy Warrior, a novice HuFi of the Shining One (D:9)
  An ugly thing (D:12)
  An oklob plant (D:10)
  A cyclops (D:8)
  Joseph (D:8)
  A gargoyle (D:12)
  Psyche (D:8)
  Maggie (D:8)
  An unseen horror (D:10)
  A komodo dragon (D:11)
  7 trolls
  Grinder (D:5)
  A meliai zombie (D:11)
  2 vampires
  22 yaks
  A spriggan (shapeshifter) (D:8)
  2 wyverns
  6 wraiths
  Sigmund (D:5)
  3 shadows
  Grum (D:11)
  A steam dragon (D:8)
  3 vampire mosquitoes (D:10)
  Edmund (D:5)
  3 acid dragons
  A water moccasin (D:8)
  A swamp drake (D:11)
  5 orc warriors
  A black bear (D:7)
  2 necrophages
  2 ice beasts
  2 ogres
  3 wolves (D:11)
  3 centaurs
  A kobold brigand (D:10)
  A phantom (D:4)
  7 bullfrogs
  A gnoll sergeant (D:12)
  5 scorpions (D:6)
  6 water moccasin zombies
  A water moccasin skeleton (D:5)
  6 killer bees
  10 wights
  5 electric eels (D:9)
  4 howler monkeys
  A bullfrog zombie (D:5)
  17 centaur zombies
  5 orc priests
  2 hounds
  3 jellies
  Crazy Yiuf (D:5)
  2 bullfrog skeletons (D:6)
  Jessica (D:2)
  3 orc wizards
  2 killer bee zombies
  A hound skeleton (D:4)
  2 mummies (Ossuary)
  Robin (D:3)
  3 howler monkey zombies
  8 gnolls
  5 adders
  A shadow imp (D:7)
  A white imp (D:7)
  6 adder zombies (Ossuary)
  An adder skeleton (D:4)
  2 dart slugs
  53 orcs
  7 ball pythons
  6 bats
  4 endoplasms
  14 giant cockroaches
  4 gnoll zombies (Ossuary)
  8 goblins (D:3)
  8 hobgoblins
  3 jackals (D:3)
  3 quokkas
  5 frilled lizards
  7 hobgoblin zombies (Ossuary)
  8 kobolds
  2 kobold zombies (Ossuary)
  6 orc zombies (Ossuary)
  5 rats
357 creatures vanquished.

Vanquished Creatures (collateral kills)
  A steam dragon (D:7)
  A kobold brigand (D:9)
  A gnoll sergeant (D:9)
  4 gnolls (D:9)
  A kobold (D:9)
8 creatures vanquished.

Vanquished Creatures (others)
  7 plants (D:10)
7 creatures vanquished.

Grand Total: 372 creatures vanquished

Notes
Turn   | Place    | Note
-------+----------+-------------------------------------------
     0 | D:1      | Zeld the Minotaur Berserker began the quest for the Orb.
     0 | D:1      | Reached XP level 1. HP: 19/19 MP: 0/0
   451 | D:1      | Reached skill level 4 in Axes
   636 | D:1      | Reached XP level 2. HP: 25/26 MP: 1/1
  1086 | D:1      | Reached skill level 5 in Axes
  1111 | D:1      | Reached XP level 3. HP: 21/31 MP: 2/2
  1804 | D:2      | Noticed Jessica
  1816 | D:2      | Killed Jessica
  1817 | D:2      | Reached skill level 6 in Axes
  1817 | D:2      | Reached XP level 4. HP: 14/39 MP: 3/3
  2187 | D:2      | Found a faded altar of an unknown god.
  2711 | D:3      | Reached ** piety under Trog
  3267 | D:3      | Noticed Robin
  3279 | D:3      | Killed Robin
  3548 | D:4      | Noticed a phantom
  3554 | D:4      | Killed a phantom
  3555 | D:4      | Reached skill level 7 in Axes
  3555 | D:4      | Reached XP level 5. HP: 45/45 MP: 4/4
  3670 | D:4      | Noticed a necrophage
  3680 | D:4      | Killed a necrophage
  3681 | D:4      | Reached skill level 8 in Axes
  3681 | D:4      | Reached XP level 6. HP: 46/51 MP: 5/5
  4641 | D:5      | Entered Level 5 of the Dungeon
  4641 | D:5      | Noticed Sigmund
  4644 | D:5      | Found a sand-covered staircase.
  4650 | Ossuary  | Entered an ossuary
  4988 | Ossuary  | Reached skill level 9 in Axes
  5175 | Ossuary  | Reached XP level 7. HP: 50/57 MP: 6/6
  5307 | Ossuary  | Reached skill level 10 in Axes
  5313 | Ossuary  | Reached *** piety under Trog
  5615 | Ossuary  | Identified the +11 rapier "Surar" {protect, rC+}
  5629 | D:5      | Reached skill level 11 in Axes
  5632 | D:5      | Killed Sigmund
  5633 | D:5      | Reached XP level 8. HP: 64/64 MP: 7/7
  5744 | D:5      | Noticed Grinder
  5744 | D:5      | Paralysed by Grinder for 3 turns
  5754 | D:5      | Killed Grinder
  5755 | D:5      | Reached skill level 12 in Axes
  5945 | D:5      | Noticed Edmund
  5952 | D:5      | Killed Edmund
  6207 | D:5      | Found a sacrificial altar of Ru.
  6388 | D:5      | Found a runed translucent door.
  6389 | D:5      | Noticed Crazy Yiuf
  6522 | D:5      | Killed Crazy Yiuf
  6523 | D:5      | Reached skill level 13 in Axes
  7545 | D:6      | Reached XP level 9. HP: 47/70 MP: 8/8
  7739 | D:6      | Reached skill level 14 in Axes
  8027 | D:7      | Reached skill level 1 in Evocations
  8095 | D:7      | Found a staircase to the Ecumenical Temple.
  8259 | Temple   | Entered the Ecumenical Temple
  8722 | D:7      | Identified the +1 cloak of Micuikoen {Str+3}
  8968 | D:7      | Reached **** piety under Trog
  8976 | D:7      | Reached skill level 5 in Fighting
  9724 | D:8      | Noticed Maggie
  9731 | D:8      | Killed Maggie
  9734 | D:8      | Reached skill level 5 in Dodging
 10022 | D:8      | Reached XP level 10. HP: 84/84 MP: 9/9
 10157 | D:8      | Noticed a cyclops
 10161 | D:8      | Noticed a two-headed ogre
 10233 | D:8      | Killed a cyclops
 10237 | D:8      | Killed a two-headed ogre
 10272 | D:8      | Noticed Psyche
 10287 | D:8      | Killed Psyche
 10288 | D:8      | Reached skill level 15 in Axes
 10326 | D:8      | Noticed Gastronok
 10380 | D:8      | Killed Gastronok
 10381 | D:8      | Reached skill level 16 in Axes
 10381 | D:8      | Reached XP level 11. HP: 92/92 MP: 10/10
 10747 | D:8      | Found Wapuro's Jewellery Shoppe.
 10747 | D:8      | Noticed Joseph
 10760 | D:8      | Killed Joseph
 11737 | D:9      | Found a runed translucent gate.
 11739 | D:9      | Noticed a six-headed hydra
 11741 | D:9      | Found a runed translucent gate.
 11741 | D:9      | Found a runed translucent gate.
 11748 | D:9      | Noticed ArcanElement's ghost (novice HuFi)
 11767 | D:9      | Killed ArcanElement's ghost
 11768 | D:9      | Reached skill level 17 in Axes
 11772 | D:9      | Killed a four-headed hydra
 12162 | D:9      | Reached skill level 18 in Axes
 12464 | D:10     | Entered Level 10 of the Dungeon
 12985 | D:10     | Noticed an oklob plant
 12989 | D:10     | Found a staircase to the Lair.
 12996 | D:10     | Killed an oklob plant
 13223 | D:10     | Reached skill level 5 in Evocations
 13260 | D:10     | Identified the +2 leather armour of Nevuffas {Harm rF+++
                  | rN+ Dex+2}
 13652 | D:11     | Noticed a two-headed ogre
 13659 | D:11     | Killed a two-headed ogre
 13757 | D:11     | Noticed Grum
 13760 | D:11     | Reached XP level 12. HP: 103/103 MP: 11/11
 13760 | D:11     | Noticed a seven-headed hydra
 13763 | D:11     | Reached ***** piety under Trog
 13769 | D:11     | Killed Grum
 13770 | D:11     | Killed a three-headed hydra
 14242 | D:11     | Noticed a two-headed ogre
 14250 | D:11     | Reached skill level 5 in Armour
 14258 | D:11     | Killed a two-headed ogre
 14259 | D:11     | Reached skill level 10 in Fighting
 14333 | D:11     | Found a basalt altar of Yredelemnul.
 14421 | D:11     | Found a staircase to the Orcish Mines.
 14654 | D:11     | Noticed a two-headed ogre
 14661 | D:11     | Killed a two-headed ogre
 14714 | D:11     | Noticed Josephine
 14723 | D:11     | Killed Josephine
 15406 | D:12     | Found the +8 lance "Wyrmbane" {slay drac, rPois rF+ rC+
                  | AC+3}
 15732 | D:12     | Reached skill level 10 in Dodging
 15984 | D:12     | Noticed a two-headed ogre
 15991 | D:12     | Killed a two-headed ogre
 15992 | D:12     | Reached XP level 13. HP: 60/116 MP: 12/12
 16515 | D:13     | HP: 4/116 [skeletal warrior/+2 long sword[a skeletal
                  | warrior] (5)]
 16515 | D:13     | Mangled by a skeletal warrior

Illustrated notes

Levels and vault maps discovered:
D:1:      eino_arrival_tree_alley, layout_rooms, minmay_misc_feat_more_columns,
          minmay_worlds_worst_comb
D:2:      layout_loops_cross, basic_ecumenical_altar, minmay_tree_intersection,
          minmay_misc_feat_plants, uniq_jessica
D:3:      layout_loops_ring, uniq_robin
D:4:      layout_layer_cave
D:5:      layout_basic, lemuel_tele_altar, lightli_ossuary_entry_decrepit_ruins,
          chequers_serial_rivers_large_b, uniq_grinder, uniq_crazy_yiuf_cottage,
          uniq_edmund, uniq_sigmund
D:6:      layout_gridville
D:7:      layout_basic, minmay_temple_entry_junction,
          chequers_serial_rivers_large_a
D:8:      cheibrodos_fzero, layout_basic, serial_shops, shop, st_stairs_6,
          uniq_psyche, uniq_maggie, uniq_joseph, uniq_gastronok
D:9:      layout_loops_ring, gammafunk_ghost_split, special_room
          [special_room_orc], kennysheep_boxes
D:10:     wad_crossroads, layout_gridville, dpeg_oklobed_lair, dk_noncrumbling_2
D:11:     layout_layer_cave, erik_orc_1, nicolae_yredelemnul_corpse_copse,
          uniq_josephine, uniq_grum
D:12:     layout_stronghold
D:13:     layout_loops_cross, serial_shops, shop, nicolae_shop_stone, shop,
          shop, portal_ice_cave_entry_ice_beasts
Temple:   roderic_octagonal_lattice_temple

Skill      XL: |  1  2  3  4  5  6  7  8  9 10 11 12 13 |
---------------+----------------------------------------+-----
Axes           | 4 5 6 7 8 9 11 13 14 16 18 | 18.0
Fighting       | 6 7 8 11 | 11.6
Evocations     | 4 5 6 |  6.9
Dodging        | 5 6 7 10 | 10.5
Armour         | 4 6 7 |  7.0

Action                   |  1- 3 |  4- 6 |  7- 9 | 10-12 | 13-15 || total
-------------------------+-------+-------+-------+-------+-------++-------
Melee: Hand axe          |    76 |   153 |   255 |    18 |       ||   502
       Headbutt          |    11 |    29 |    58 |    90 |     3 ||   191
       Broad axe         |       |       |       |   388 |    28 ||   416
Invok: Berserk           |     1 |     1 |    10 |    14 |     1 ||    27
       Trog's Hand       |       |       |     2 |     1 |     1 ||     4
       Brothers in Arms  |       |       |       |     3 |       ||     3
  Use: Scroll            |       |       |       |    14 |     1 ||    15
 Stab: Sleeping          |       |       |     1 |       |       ||     1
       Distracted        |       |       |       |     1 |       ||     1
       Confused          |       |       |       |     1 |       ||     1
Armor: Skin              |     3 |    37 |    28 |       |       ||    68
       Plate armour      |       |       |    29 |   282 |    15 ||   326
Dodge: Dodged            |    51 |    86 |    99 |   184 |    14 ||   434

Table legend: (Time is in decaauts)
 A = Elapsed time spent in this place.
 B = Non-inter-level travel time spent in this place.
 C = Inter-level travel time spent in this place.
 D = Time resting spent in this place.
 E = Time spent auto-exploring this place.
 F = Levels seen in this place.
 G = Mean time per level.
                   A        B        C        D        E       F      G
               +--------+--------+--------+--------+--------+-----+--------+
         Total |  16630 |  16090 |    540 |   2110 |  11922 |  15 | 1108.7 |
       Dungeon |  15360 |  14845 |    515 |   1709 |  11209 |  13 | 1181.5 |
        Temple |    304 |    279 |     25 |      0 |    278 |   1 |  304.0 |
       Ossuary |    965 |    965 |      0 |    401 |    435 |   1 |  965.0 |
               +--------+--------+--------+--------+--------+-----+--------+

Top non-repeatable levels by time:
     D:7: 1753 daAuts
     D:9: 1620 daAuts
    D:11: 1590 daAuts
     D:1: 1451 daAuts
     D:5: 1248 daAuts
     D:3: 1237 daAuts
    D:12: 1221 daAuts
    D:10: 1183 daAuts
     D:6: 1141 daAuts
     D:4: 1100 daAuts
 Ossuary: 965 daAuts
     D:8: 885 daAuts
     D:2: 873 daAuts
  Temple: 304 daAuts
    D:13: 52 daAuts
